 Dungeon Crawl Stone Soup version 0.28.0-43-g3370ac3207 (webtiles) character file.

Game seed: 12759046663866796382

1411 croobank the Sneak (level 8, -6/46 HPs)
             Began as an Octopode Fire Elementalist on Mar 10, 2022.
             Was an Initiate of Hepliaklqana.
             Mangled by an ice beast (8 damage)
             ... on level 5 of the Dungeon.
             The game lasted 00:18:35 (6936 turns).

croobank the Sneak (Octopode Fire Elementalist)     Turns: 6936, Time: 00:18:48

Health: -6/46      AC:  1    Str: 10    XL:     8   Next: 70%
Magic:  6/14       EV: 14    Int: 19    God:    Hepliaklqana [......]
Gold:   214        SH:  0    Dex: 12    Spells: 3/15 levels left

rFire   . . .      SeeInvis .   a - +0 hand axe
rCold   . . .      Faith    .   (no shield)
rNeg    . . .      Spirit   .   (helmet restricted)
rPois   +          Reflect  .   (no amulet)
rElec   .          Harm     .   (no ring)
rCorr   .          Rampage  .   (no ring)
Will    .....                   (no ring)
Stlth   ++++......              (no ring)
HPRegen 0.15/turn               (no ring)
MPRegen 0.14/turn               (no ring)
                                (no ring)
                                (no ring)

@: mighty
A: almost no armour, amphibious, 8 rings, camouflage 1, gelatinous body 1,
(nimble swimmer 1), tentacles, tentacle spike 1, poison resistance, strong 1,
MP-powered wands
a: Renounce Religion


You were on level 5 of the Dungeon.
You worshipped Hepliaklqana.
Hepliaklqana was noncommittal.
You visited 2 branches of the dungeon, and saw 6 of its levels.
You also visited: Sewer.

You collected 214 gold pieces.

Inventory:

Hand Weapons
 a - a +0 hand axe (weapon)
 b - a +0 hunting sling
 k - a +0 mace
 t - a +0 war axe
Missiles
 e - 170 stones
 h - 38 arrows
 j - 34 bolts
 o - 5 boomerangs
 v - a throwing net
Scrolls
 d - a scroll of summoning
 q - a scroll of enchant armour {unknown}
 r - a scroll of vulnerability {unknown}
 s - a scroll of blinking {unknown}
 w - a scroll of holy word {unknown}
Potions
 c - 2 potions of experience {unknown}
 f - a potion of curing {unknown}
 l - 2 potions of mutation
 n - a potion of resistance


   Skills:
 + Level 4.8 Dodging
 + Level 6.8 Stealth
 + Level 4.4 Spellcasting
 + Level 4.2 Conjurations
 + Level 2.9 Transmutations
 + Level 5.4 Fire Magic


You had 3 spell levels left.
You knew the following spells:

 Your Spells              Type           Power      Damage    Failure   Level
a - Foxfire               Conj/Fire      88%        2x1d8     1%          1
b - Scorch                Fire           48%        2d7       2%          2
c - Flame Wave            Conj/Fire      22%        2d7       19%         4
d - Irradiate             Conj/Tmut      8%         3d16      63%         5

Your spell library contained the following spells:

 Spells                   Type           Power      Damage    Failure   Level
 Shock                    Conj/Air       48%        1d6       5%          1
 Conjure Flame            Conj/Fire      22%        6-21      5%          3
 Inner Flame              Hex/Fire       14%        N/A       13%         3
 Sublimation of Blood     Necr           4%         N/A       21%         2
 Swiftness                Air            4%         N/A       36%         3
 Petrify                  Tmut/Erth      9%         N/A       58%         4
 Airstrike                Air            2%         N/A       78%         4


Dungeon Overview and Level Annotations

Branches:
Dungeon (5/15)             Temple (1/1) D:5           Sewer (visited)

Altars:
Ashenzari
Cheibriados
Dithmenos
Elyvilon
Fedhas
Gozag
Hepliaklqana
Kikubaaqudgha
Nemelex Xobeh
Okawaru
Qazlal
Ru
Sif Muna
Trog
Uskayaw
Vehumet
Xom
The Shining One


Innate Abilities, Weirdness & Mutations

You cannot wear most types of armour.
You are amphibious.
You can wear up to eight rings at the same time.
Your skin changes colour to match your surroundings (Stealth+).
Your rubbery body absorbs attacks. (AC +1, EV +1)
((You are camouflaged when in or above water. (Stealth+)))
You have tentacles for arms and can constrict up to eight enemies at once.
One of your tentacles bears a spike.
Your system is resistant to poisons. (rPois)
Your muscles are strong. (Str +2)
You expend magic power (3 MP) to strengthen your wands.


Message History

Press: ? - help, Dir - look around, f - activate A wave of flame ripples out!
The flame wave engulfs something.
The flame wave engulfs the ice beast!
The ice beast melts!
The ice beast is moderately wounded. (Press . to intensify the flame waves.)
You hear some strange, mumbled words.
You are confused.
The ice beast hits you. The ice beast freezes you!
* * * LOW HITPOINT WARNING * * *
Something hits you.
* * * LOW HITPOINT WARNING * * *
The ice beast barely misses you.
You are too confused!
You feel much better. Something barely misses you. The ice beast misses you.
You feel much better. The ice beast hits you. The ice beast freezes you.
Something hits you but does no damage.
You're too confused to cast spells.
The ice beast hits you. The ice beast freezes you!
You feel less confused. Something hits you. The ice beast closely misses you.
You hit the ice beast.
Your tentacle spike misses the ice beast.
The ice beast is moderately wounded.
You barely miss something. Something hits you.
The ice beast closely misses you.
You hit the ice beast.
You squeeze the ice beast, but do no damage.
The ice beast is heavily wounded.
You miss something.
You hear some strange, mumbled words.
A magic dart appears from out of thin air!
The magic dart hits you. The ice beast hits you. The ice beast freezes you!
* * * LOW HITPOINT WARNING * * *
You feel very mighty all of a sudden. Something hits you.
* * * LOW HITPOINT WARNING * * *
The ice beast hits you.
* * * LOW HITPOINT WARNING * * *
The ice beast freezes you!
You die...

****,*.#......######.#
*,***.#..#.........#.#
**,.##..#....#>#.#...#
***.........#†#.###.#
*## ###.#[..#...#.###.#
**,. #.............##..#
*,,* #............##..##
*,**
#............##..#*#***
#.....Y@.....##..#≈#####
##....{......##..#b.#...
##.)....#...#...#b.#...
##)########....#b.###.
#..#** **#..#.#,.#...
#########.##,#
*,#....#≈≈##.#
##.......)..#.#
*≈#.#..#.##..*
*#.............#
*≈#....####.*#
*..............#
###.#..#***,#<


You could see an ice beast.

Vanquished Creatures
  A sky beast (D:4)
  A black bear (D:4)
  4 necrophages
  An ogre (D:5)
  A phantom (D:4)
  A scorpion (D:4)
  A howler monkey (D:3)
  2 hounds (D:4)
  4 jellies (Sewer)
  A bullfrog skeleton (D:5)
  2 iguanas (D:5)
  2 hound zombies (D:4)
  5 gnolls
  12 adders
  2 river rats (Sewer)
  An ufetubus (D:4)
  2 adder zombies (D:4)
  An adder skeleton (D:5)
  5 worms
  2 dart slugs
  6 orcs
  12 endoplasms
  9 giant cockroaches
  7 hobgoblins
  10 jackals
  13 kobolds
  4 quokkas
  9 ball pythons
  5 bats
  7 frilled lizards
  6 goblins
  8 rats
147 creatures vanquished.

Vanquished Creatures (collateral kills)
  3 foxfires (D:2)
3 creatures vanquished.

Vanquished Creatures (others)
  2 bushes (D:4)
  248 foxfires
  12 fungi (D:5)
  11 plants (D:4)
273 creatures vanquished.

Grand Total: 423 creatures vanquished

Notes
Turn   | Place    | Note
-------+----------+-------------------------------------------
     0 | D:1      | croobank the Octopode Fire Elementalist began the quest for
                  | the Orb.
     0 | D:1      | Reached XP level 1. HP: 11/11 MP: 3/3
   234 | D:1      | Reached XP level 2. HP: 17/17 MP: 0/5
   237 | D:1      | Learned a level 2 spell: Scorch
   365 | D:1      | Reached skill level 3 in Stealth
   903 | D:2      | Reached XP level 3. HP: 21/21 MP: 3/6
  1225 | D:2      | You fall into a shaft and drop 2 floors!
  1345 | D:4      | Noticed a scorpion
  1356 | D:4      | Killed a scorpion
  1357 | D:4      | Reached XP level 4. HP: 8/27 MP: 0/7
  1680 | D:4      | Found a glowing drain.
  1783 | Sewer    | Entered a sewer
  1842 | Sewer    | Reached XP level 5. HP: 31/31 MP: 7/9
  2006 | Sewer    | Reached skill level 4 in Stealth
  2316 | Sewer    | Reached XP level 6. HP: 36/36 MP: 0/10
  2520 | Sewer    | Found a viscous altar of Jiyva.
  3746 | D:3      | Found an opulent altar of Gozag.
  3911 | D:3      | Found a shimmering blue altar of Sif Muna.
  4015 | D:3      | Reached skill level 5 in Stealth
  4178 | D:3      | Found a stormy altar of Qazlal.
  4229 | D:3      | Found a hide-covered altar of Uskayaw.
  4386 | D:3      | Gained mutation: Your muscles are strong. (Str +2) [potion
                  | of mutation]
  4386 | D:3      | Gained mutation: Your system is resistant to poisons.
                  | (rPois) [potion of mutation]
  4386 | D:3      | Gained mutation: One of your tentacles bears a spike.
                  | [potion of mutation]
  4386 | D:3      | Gained mutation: You expend magic power (3 MP) to
                  | strengthen your wands. [potion of mutation]
  4728 | D:4      | Reached XP level 7. HP: 41/41 MP: 8/12
  4765 | D:4      | Learned a level 4 spell: Flame Wave
  4771 | D:4      | Learned a level 5 spell: Irradiate
  4890 | D:4      | Found a blossoming altar of Fedhas.
  5130 | D:4      | Found a snail-covered altar of Cheibriados.
  5511 | D:4      | Reached skill level 1 in Transmutations
  6082 | D:4      | Reached skill level 6 in Stealth
  6082 | D:4      | Reached XP level 8. HP: 46/46 MP: 1/13
  6199 | D:3      | Reached skill level 5 in Fire Magic
  6394 | D:5      | Entered Level 5 of the Dungeon
  6712 | D:5      | Found a staircase to the Ecumenical Temple.
  6716 | Temple   | Entered the Ecumenical Temple
  6731 | Temple   | Became a worshipper of Hepliaklqana the Forgotten
  6936 | D:5      | HP: 2/46 [ice beast (1)]
  6936 | D:5      | Mangled by an ice beast

Illustrated notes

Levels and vault maps discovered:
D:1:      amcnicky_arrival_double_pillar, layout_basic
D:2:      layout_basic, cheibrodos_gnoll_hut
D:3:      layout_basic, mainiacjoe_overflow_tiny_flanked,
          mainiacjoe_overflow_paths, grunt_qazlal_sundering,
          mainiacjoe_overflow_catwalk
D:4:      layout_loops_corners, fedhas_altar_decomposition,
          mainiacjoe_overflow_cross_hatched, cheibrodos_sewer_entry_sluice,
          minmay_liquid_box, minmay_misc_feat_five
D:5:      layout_rooms, minmay_temple_entry_glassed_door, serial_aquarium,
          aquarium_bridge_island_small [aquarium_subvault_small_open,
          aquarium_subvault_window, aquarium_subvault_window,
          aquarium_subvault_bridge, aquarium_subvault_bridge],
          aquarium_bridge_straight [aquarium_subvault_bridge,
          aquarium_subvault_wall, aquarium_subvault_bridge,
          aquarium_subvault_wall], aquarium_window_fake, aquarium_window_2,
          aquarium_window_fake, aquarium_window_fake, aquarium_view_2a,
          aquarium_pool_2, minmay_increasing_density
Temple:   cyrus_circular_temple

Skill      XL: |  1  2  3  4  5  6  7  8 |
---------------+-------------------------+-----
Stealth        | 3 4 5 6 |  6.8
Conjurations   | 2 3 4 |  4.2
Dodging        | 3 4 |  4.8
Spellcasting   | 3 4 |  4.4
Fire Magic     | 4 5 |  5.4
Transmutations | 1 2 |  2.9

Action                   |  1- 3 |  4- 6 |  7- 9 || total
-------------------------+-------+-------+-------++-------
Melee: Hand axe          |    14 |    28 |    18 ||    60
       Constrict         |     3 |    10 |     5 ||    18
       Tentacles         |     1 |     7 |     5 ||    13
       Punch             |       |     1 |       ||     1
       Kick              |       |       |     5 ||     5
 Cast: Foxfire           |    34 |    85 |    25 ||   144
       Scorch            |     5 |    23 |    59 ||    87
       Flame Wave        |       |       |     1 ||     1
  Use: Potion            |     2 |     1 |     3 ||     6
       Scroll            |       |     3 |     5 ||     8
Armor: Skin              |     2 |     1 |     3 ||     6
Dodge: Dodged            |    21 |    23 |    30 ||    74
